 Dungeon Crawl Stone Soup version 0.27-a0-1187-ge80a49f48c (webtiles) character file.

Game seed: 5587505804099939583

289 DarkShadow the Covered (level 6, -5/47 HPs)
             Began as a Minotaur Fighter on May 19, 2021.
             Was an Initiate of Gozag.
             Slain by a troll (8 damage)
             ... on level 5 of the Dungeon on May 20, 2021.
             The game lasted 00:09:17 (3495 turns).

DarkShadow the Covered (Minotaur Fighter)           Turns: 3495, Time: 00:09:19

Health: -5/47      AC:  9    Str: 22    XL:     6   Next: 9%
Magic:  5/5        EV:  8    Int:  5    God:    Gozag
Gold:   236        SH: 10    Dex: 10    Spells: 5/5 levels left

rFire    . . .     SeeInvis .   a - +1 long sword (elec)
rCold    . . .     Faith    .   c - +0 kite shield
rNeg     . . .     Spirit   .   b - +0 scale mail
rPois    .         Reflect  .   (helmet restricted)
rElec    .         Harm     .   (no cloak)
rCorr    .         Rampage  .   (no gloves)
Will     .....                  (no boots)
Stlth    ..........             (no amulet)
HPRegen  0.15/turn              m - +4 ring of slaying
MPRegen  0.09/turn              (no ring)

@: gold aura
A: horns 2, retaliatory headbutt, iridescent scales 1, frail 1
a: Renounce Religion, Potion Petition, Call Merchant, Bribe Branch


You were on level 5 of the Dungeon.
You worshipped Gozag.
Gozag was aware of your devotion.
You visited 2 branches of the dungeon, and saw 6 of its levels.

You collected 297 gold pieces.
You paid 61 gold pieces to Gozag.

Inventory:

Hand Weapons
 a - a +1 long sword of electrocution (weapon)
Missiles
 f - 3 boomerangs of dispersal (quivered)
Armour
 b - a +0 scale mail (worn)
 c - a +0 kite shield (worn)
Jewellery
 i - a ring of magical power
 m - a +4 ring of slaying (left hand)
Wands
 q - a wand of digging (3)
Scrolls
 e - a scroll of teleportation
 l - a scroll of identify
 o - a scroll of fear
Potions
 d - a potion of might
 g - 2 potions of curing
 h - 2 potions of attraction
 j - a potion of cancellation {unknown}
 k - a potion of lignification {unknown}
 p - a potion of flight {unknown}


   Skills:
 + Level 4.4 Fighting
 + Level 4.7 Long Blades
 + Level 5.4 Armour
 + Level 1.3 Dodging
 + Level 0.4 Stealth
 + Level 4.8 Shields


You had 5 spell levels left.
You didn't know any spells.
Your spell library contained the following spells:

 Spells                   Type           Power      Damage    Failure   Level
 Shock                    Conj/Air       0%         1d3       99%         1
 Static Discharge         Conj/Air       0%         N/A       100%        2
 Swiftness                Air            0%         N/A       100%        3
 Airstrike                Air            0%         N/A       100%        4
 Lightning Bolt           Conj/Air       0%         1d11      100%        5


Dungeon Overview and Level Annotations

Branches:
Dungeon (5/15)             Temple (1/1) D:4

Altars:
Ashenzari
Cheibriados
Dithmenos
Elyvilon
Fedhas
Gozag
Hepliaklqana
Kikubaaqudgha
Makhleb
Nemelex Xobeh
Okawaru
Qazlal
Ru
Sif Muna
Trog
Wu Jian
Zin
The Shining One

Shops:
D:1 =


Innate Abilities, Weirdness & Mutations

You have a pair of horns on your head.
You reflexively headbutt those who attack you in melee.
You are partially covered in iridescent scales. (AC +2)
You are frail. (-10% HP)


Message History

The troll is moderately wounded.
The troll bites you. You block the troll's attack.
The troll closely misses you.
You barely miss the troll.
The troll is moderately wounded.
The troll bites you but does no damage. The troll claws you but does no damage.
The troll claws you! You block the troll's attack.
The troll claws you but does no damage. The troll claws you.
You slash the troll! You headbutt the troll.
The troll is heavily wounded.
You block the troll's attack. The troll claws you.
You block the troll's attack.
You are too injured to fight recklessly!
You are too injured to fight recklessly!
You are too injured to fight recklessly!
You are too injured to fight recklessly!
You are too injured to fight recklessly!
You are too injured to fight recklessly!
You are too injured to fight recklessly!
You are too injured to fight recklessly!
You are too injured to fight recklessly!
You are too injured to fight recklessly!
You are too injured to fight recklessly!
You are too injured to fight recklessly!
You are too injured to fight recklessly!
You are too injured to fight recklessly!
You are too injured to fight recklessly!
You are too injured to fight recklessly!
The troll bites you!
* * * LOW HITPOINT WARNING * * *
The troll claws you but does no damage. The troll claws you.
* * * LOW HITPOINT WARNING * * *
You hit the troll. Your headbutt misses the troll.
The troll is severely wounded.
The iguana misses you.
You riposte.
You slash the iguana! Lightning courses through the iguana!!
You kill the iguana!
You block the troll's attack. The troll claws you!
You die...
Your body crumbles into a pile of gold.

#......... ###........##
#...........#
#...........# .
#...........## ..
.............#.....
.......T..............
......$@....###.......
............#.#......#
.......###.##...#....###
....######......#.......
... .#..#..............
.. ..........#........ .
.....#.........### $
....##......))...## ....
#..##...)....#


You could see a troll.

Vanquished Creatures
  Eustachio (D:4)
  An orc priest (D:5)
  An iguana (D:5)
  A hound skeleton (D:4)
  2 adders
  A dart slug (D:1)
  12 orcs
  5 endoplasms
  9 goblins
  9 hobgoblins
  5 quokkas
  4 ball pythons
  7 bats
  5 frilled lizards
  5 kobolds
  7 rats
75 creatures vanquished.

Notes
Turn   | Place    | Note
-------+----------+-------------------------------------------
     0 | D:1      | DarkShadow the Minotaur Fighter began the quest for the
                  | Orb.
     0 | D:1      | Reached XP level 1. HP: 19/19 MP: 0/0
   138 | D:1      | Found Ysatzount's Jewellery Emporium.
   168 | D:1      | Found a faded altar of an unknown god.
   173 | D:1      | Reached XP level 2. HP: 27/27 MP: 1/1
   178 | D:1      | Reached skill level 4 in Armour
   396 | D:1      | Upgraded the game from 0.27-a0-1185-ga233589e6f to
                  | 0.27-a0-1187-ge80a49f48c
   788 | D:2      | Reached XP level 3. HP: 33/33 MP: 2/2
  1219 | D:3      | Found a broken altar of Ashenzari.
  1490 | D:3      | Reached XP level 4. HP: 34/40 MP: 3/3
  2191 | D:4      | Found a blossoming altar of Fedhas.
  2194 | D:4      | Noticed Eustachio
  2316 | D:4      | Found a staircase to the Ecumenical Temple.
  2330 | Temple   | Entered the Ecumenical Temple
  2428 | Temple   | Became a worshipper of Gozag Ym Sagoz the Greedy
  2684 | D:4      | Gained mutation: You are partially covered in iridescent
                  | scales. (AC +2) [potion of mutation]
  2684 | D:4      | Gained mutation: You are frail. (-10% HP) [potion of
                  | mutation]
  2838 | D:4      | Killed Eustachio
  2839 | D:4      | Reached skill level 5 in Armour
  2839 | D:4      | Reached skill level 1 in Dodging
  2839 | D:4      | Reached XP level 5. HP: 32/42 MP: 4/4
  2966 | D:4      | Found a burning altar of Makhleb.
  2987 | D:4      | Found a hazy altar of Hepliaklqana.
  3462 | D:5      | Entered Level 5 of the Dungeon
  3473 | D:5      | Reached XP level 6. HP: 47/47 MP: 5/5
  3486 | D:5      | Noticed a troll
  3495 | D:5      | Slain by a troll

Illustrated notes

Levels and vault maps discovered:
D:1:      eino_arrival_water_cross, layout_rooms,
          hellmonk_ecumenical_altar_arch_garden, serial_shops, shop
D:2:      cheibrodos_old_hovel, layout_loops_cross, kennysheep_generic_room_6
D:3:      cheibrodos_greedy_goblins, layout_basic, cheibrodos_ashenzari_chains,
          grunt_ministairs_8, hangedman_decor_diamond_cutter
D:4:      layout_cave_pods, fedhas_altar_1, nicolae_overflow_hidden_temple,
          marbit_many_paths, temple_pool_b, uniq_eustachio
D:5:      layout_cave_pools, eat_drink_and_be_merry_uskayaw, serial_shops, shop,
          uniq_sigmund
Temple:   eino_temple_scatter_basement

Skill      XL: |  1  2  3  4 |
---------------+-------------+-----
Armour         | 4 5 |  5.4
Shields        | 4 |  4.8
Fighting       | 4 |  4.4
Long Blades    | 3 4 |  4.7
Dodging        | 1 |  1.3
Stealth        | |  0.4

Action                   |  1- 3 |  4- 6 || total
-------------------------+-------+-------++-------
Melee: Long sword        |    89 |    61 ||   150
       Headbutt          |    10 |     9 ||    19
  Use: Scroll            |       |    10 ||    10
       Potion            |       |     1 ||     1
Armor: Scale mail        |    48 |    21 ||    69
Dodge: Dodged            |    27 |    20 ||    47
Block: Kite shield       |    43 |    33 ||    76
       Rpst.: Long sword |     6 |     5 ||    11

Table legend: (Time is in decaauts)
 A = Elapsed time spent in this place.
 B = Non-inter-level travel time spent in this place.
 C = Inter-level travel time spent in this place.
 D = Time resting spent in this place.
 E = Time spent auto-exploring this place.
 F = Levels seen in this place.
 G = Mean time per level.
                   A        B        C        D        E       F      G
               +--------+--------+--------+--------+--------+-----+--------+
         Total |   3565 |   3362 |    203 |    215 |   2660 |   6 |  594.2 |
       Dungeon |   3451 |   3270 |    181 |    215 |   2571 |   5 |  690.2 |
        Temple |    114 |     92 |     22 |      0 |     89 |   1 |  114.0 |
               +--------+--------+--------+--------+--------+-----+--------+

Top non-repeatable levels by time:
     D:4: 1233 daAuts
     D:3: 1100 daAuts
     D:2: 669 daAuts
     D:1: 411 daAuts
  Temple: 114 daAuts
     D:5: 35 daAuts
